 Dungeon Crawl Stone Soup version 0.30-a0-918-g0ff054e9dc (console) character file.

Game seed: 17421835373530502665

280248 jejorda2 the Impaler (level 20, -2/255 HPs)
             Began as a Merfolk Berserker on Mar 18, 2023.
             Was a High Priest of Trog.
             Slain by a vault warden
             ... wielding a +2 great sword of flaming
              (24 damage)
             ... on level 3 of the Vaults on Mar 20, 2023.
             The game lasted 02:38:31 (51602 turns).

jejorda2 the Impaler (Merfolk Berserker)           Turns: 51602, Time: 02:38:31

Health: -2/255     AC: 36    Str: 25    XL:     20   Next: 47%
Magic:  20/20      EV: 11    Int:  7    God:    Trog [*****.]
Gold:   19         SH: 21    Dex: 14    Spells: 19/19 levels left

rFire   . . .      SeeInvis .    a - +8 trishula {holy, anguish, *Noise Fly rN+}
rCold   + . .      Faith    .    p - +1 tower shield {reflect}
rNeg    + . .      Spirit   .    x - +3 plate armour {rF+}
rPois   +          Reflect  +    J - +2 helmet
rElec   .          Rampage  .    N - +2 cloak
rCorr   .                        T - +2 pair of gloves {Stlth+}
Will    +....                    K - +2 pair of boots {Stlth+} Stlth
                                 d - amulet "Gital" {RegenMP Drain +Blink rPois Slay+6}
HPRegen 0.62/turn                h - +4 ring of protection
MPRegen 0.57/turn                P - ring of ice

@: berserking (expiring), flying, studying Shields, very quick
A: (nimble swimmer 2), mertail
}: 2/15 runes: barnacled, gossamer
a: Renounce Religion, Evoke Blink, Berserk, Trog's Hand, Brothers in Arms


You were on level 3 of the Vaults.
You worshipped Trog.
Trog was extremely pleased with you.
You visited 6 branches of the dungeon, and saw 33 of its levels.
You also visited: Trove and Bailey.

You collected 4086 gold pieces.
You spent 4067 gold pieces at shops.

Inventory:

Hand Weapons
 a - the +8 trishula "Condemnation" (weapon) {holy, anguish, *Noise Fly rN+}
   (You bought it in a shop on level 2 of the Orcish Mines)

   rN:        It protects you from negative energy.
   Fly:       It grants you flight.
   *Noise:    It may make noises in combat.
Missiles
 b - 5 silver boomerangs
 q - 31 boomerangs
 t - 3 throwing nets
 u - 48 poisoned darts
 y - 30 javelins (quivered)
 B - 12 atropa-tipped darts
 I - 4 datura-tipped darts
 M - 8 silver javelins
 Q - 5 boomerangs of dispersal
Armour
 p - a +1 tower shield of reflection (worn)
 x - a +3 plate armour of fire resistance (worn)
 J - a +2 helmet (worn)
 K - a +2 pair of boots of stealth (worn)
 N - a +2 cloak (worn)
 T - a +2 pair of gloves of stealth (worn)
Jewellery
 d - the amulet "Gital" (around neck) {RegenMP Drain +Blink rPois Slay+6}
   (You found it in a treasure trove)

   [amulet of magic regeneration]

   It increases your rate of magic regeneration.
   Slay:      It affects your accuracy & damage with ranged weapons and melee
   (+6).
   rPois:     It protects you from poison.
   +Blink:    It lets you blink.
   Drain:     It drains your maximum health when unequipped.
 g - a ring of resist corrosion
 h - a +4 ring of protection (left hand)
 P - a ring of ice (right hand)
 V - a ring of protection from fire
Wands
 c - a wand of mindburst (15)
 o - a wand of digging (7)
 s - a wand of flame (48)
 C - a wand of roots (14)
 D - a wand of light (26)
 E - a wand of charming (17)
 R - a wand of polymorph (3)
Scrolls
 e - 3 scrolls of poison
 l - 8 scrolls of teleportation
 m - a scroll of blinking
 n - 7 scrolls of magic mapping
 r - a scroll of summoning
 O - a scroll of silence
 S - 4 scrolls of immolation
 U - a scroll of fog
Potions
 i - 5 potions of resistance
 j - 7 potions of haste
 k - 19 potions of curing
 v - 6 potions of attraction
 w - 10 potions of ambrosia
 z - 8 potions of flight
 A - 5 potions of heal wounds
 F - 5 potions of lignification
 G - 3 potions of might
 H - 8 potions of mutation
 L - a potion of invisibility
 Y - a potion of cancellation
Miscellaneous
 W - a tin of tremorstones (2/2)


   Skills:
 - Level 17.7 Fighting
 - Level 20.0 Polearms
 - Level 16.0 Throwing
 - Level 11.8 Armour
 - Level 12.0 Dodging
 - Level 4.0 Stealth
 + Level 18.0 Shields
 - Level 9.0 Evocations


You had 19 spell levels left.
You didn't know any spells.
Your spell library was empty.

Dungeon Overview and Level Annotations

Branches:
Dungeon (15/15)            Temple (0/1) D:4            Lair (5/5) D:11
 Shoals (4/4) Lair:2       Spider (4/4) Lair:2        Slime (0/5) Lair:4
    Orc (2/2) D:9             Elf (0/3) Orc:2        Vaults (3/5) D:14
 Depths (0/4) D:15         Bailey (visited)
  Crypt: Vaults:2-3

Altars:
Ashenzari
Cheibriados
Dithmenos
Fedhas
Gozag
Hepliaklqana
Kikubaaqudgha
Nemelex Xobeh
Okawaru
Qazlal
Ru
Trog
Uskayaw
Vehumet
Wu Jian
Yredelemnul
Zin

Shops:
D:5 (   D:13 !   Orc:1 :   Orc:2 (?![   Shoals:2 *   Shoals:3 =

Annotations:
D:6 2 runed translucent doors, Darkkill's ghost, novice MiHu
D:10 1 runed translucent door
Lair:4 2 transporters, 1 runed translucent door, Bacu's ghost, journeyman DjCj


Innate Abilities, Weirdness & Mutations

((You are very nimble when in or above water. (Stealth+, EV+, Speed+++)))
Your lower body shifts to a powerful aquatic tail in water.


Message History

The orc warlord hits you but does no damage.
The vault warden shoots a bolt.
You reflect the bolt off your +1 tower shield of reflection!
The bolt misses the vault warden.
You puncture the orc warlord!
The orc warlord is moderately wounded.
The vault warden hits you with a +2 great sword of flaming!!
The vault warden burns you!
The orc warlord hits you but does no damage.
The orc warlord blocks your attack.
The orc warlord is moderately wounded.
The vault warden hits you with a +2 great sword of flaming!!
The vault warden burns you. You block the orc warlord's attack.
The vault warden unwields a +0 arbalest.
The vault warden wields a +0 great sword.
The vault warden hits you with a +0 great sword!
* * * LOW HITPOINT WARNING * * *
A red film seems to cover your vision as you go berserk!
You feel yourself moving faster!
You feel mighty! You block the orc warlord's attack.
The vault warden hits you with a +2 great sword of flaming!!
* * * LOW HITPOINT WARNING * * *
The vault warden burns you.
* * * LOW HITPOINT WARNING * * *
The orc warlord blocks your attack.
The orc warlord is moderately wounded.
You block the vault warden's attack. The orc warlord blocks your attack.
The trishula "Condemnation" cries for the wicked to come forth and be judged!
The orc warlord is moderately wounded.
The orc warlord hits you with a +0 long sword.
* * * LOW HITPOINT WARNING * * *
The orc warlord is wracked by anguish.
The vault warden barely misses you.
You puncture the orc warlord!
The orc warlord is heavily wounded.
The vault warden hits you with a +0 great sword.
* * * LOW HITPOINT WARNING * * *
You closely miss the vault warden. You block the orc warlord's attack.
The vault warden hits you with a +2 great sword of flaming!!
You die...

#+#+ #
...# #..
..####
#...#o..##
#.p@..#
#...#$p.##
#.. ..####
# ...#
####


You could see an orc warlord (anguished) and 2 vault wardens.

Vanquished Creatures
  Mara (Spider:3)
  Saint Roka (Orc:2)
  Jorgrun (D:11)
  Mlioglotl (Spider:1)
  The ghost of Qobluxtent the Unseen, an adept GnDe of Gozag (Shoals:3)
  A kraken (Shoals:3)
  A tengu reaver (Vaults:3)
  Donald (Lair:2)
  Ilsuiw (Shoals:3)
  The ghost of Buakyke the Spry, an adept OpMo of Gozag (Shoals:2)
  4 emperor scorpions
  5 vault wardens
  Aizul (Vaults:1)
  2 ghost moths
  The ghost of Bediveer the Peltast, a journeyman FoFi of Okawaru (Orc:1)
  13 ironbound preservers
  2 orc warlords
  7 broodmothers
  A very ugly thing (Vaults:1)
  4 ironbound thunderhulks
  The ghost of sugarbear the Nimble, a journeyman MfGl of Wu Jian (Orc:1)
  A minotaur (Shoals:1)
  3 dire elephants
  2 spark wasps (Spider:4)
  Snorg (Lair:5)
  4 entropy weavers
  6 merfolk impalers
  8 merfolk javelineers
  A great orb of eyes (Vaults:2)
  Josephine (D:15)
  2 yaktaur captains (Vaults:2)
  6 hydras
  7 vault guards
  Erica (D:8)
  An alligator snapping turtle (Shoals:3)
  6 centaur warriors
  5 merfolk avatars
  3 catoblepae
  3 merfolk aquamancers
  An ironbound frostheart (Vaults:1)
  4 satyrs
  A jorogumo (Spider:4)
  3 radroaches
  8 boulder beetles
  A tengu warrior (D:15)
  6 two-headed ogres
  6 death yaks
  4 skysharks
  A fire crab (Lair:5)
  A sun moth (Spider:4)
  28 deep trolls
  8 pharaoh ants
  The ghost of Anno the Destroyer, a novice FeDe of Gozag (Orc:1)
  A kraken simulacrum (Shoals:4)
  9 sea snakes
  A glowing orange brain (shapeshifter) (Vaults:2)
  7 orb spiders
  6 lindwurms
  3 steelbarb worms
  5 orc knights
  7 ironbound convokers
  A necromancer (D:15)
  5 wizards
  A harpy (shapeshifter) (D:15)
  3 deep elf pyromancers
  Pikel (D:4)
  13 harpies
  2 deep elf zephyrmancers (D:15)
  2 orc sorcerers
  15 ugly things
  24 wolf spiders
  8 cyclopes
  13 manticores
  15 fauns
  3 moths of wrath
  A centaur zombie (D:15)
  3 slime creatures (D:15)
  2 elephants
  A centaur skeleton (D:15)
  5 water nymphs
  15 merfolk sirens
  2 gargoyles
  A naga mage (D:15)
  3 black mambas
  10 vault sentinels
  8 torpor snails
  7 demonic crawlers
  7 cane toads
  An unseen horror (D:12)
  Psyche (D:8)
  2 rime drakes
  3 efreet
  Maggie (D:8)
  A freezing wraith (D:14)
  10 komodo dragons
  2 tengu conjurers (D:13)
  8 yaktaurs
  2 kobold demonologists
  25 merfolk
  9 meliai
  4 polar bears (Lair:5)
  6 hornets
  A queen bee (D:9)
  5 trolls
  18 tarantellas
  6 wind drakes
  14 blink frogs
  16 dream sheep
  6 snapping turtles
  Sigmund (D:4)
  12 spriggans (Lair:5)
  10 humans (D:14)
  2 centaur simulacra
  29 jumping spiders
  2 wyverns
  5 wraiths
  20 water elementals
  18 culicivoras
  3 vampires
  Eustachio (D:4)
  4 basilisks
  41 yaks
  62 redbacks
  4 steam dragons
  4 wargs
  9 water moccasins
  3 acid dragons
  A floating eye (shapeshifter) (Vaults:2)
  35 orc warriors
  Pargi (D:4)
  6 black bears
  4 sky beasts
  4 boggarts (Lair:5)
  9 ogres
  45 wolves
  21 centaurs
  2 phantoms
  A lemure (D:4)
  8 kobold brigands
  12 bullfrogs
  4 scorpions
  12 wights
  30 killer bees
  8 vampire bats (Bailey)
  4 howler monkeys
  5 wolf zombies (Bailey)
  2 electric eels
  15 orc priests
  4 jellies
  8 hounds
  A sleepcap (D:7)
  2 iguanas
  9 orc wizards
  A boggart skeleton (D:15)
  5 adders
  4 gnolls (D:4)
  4 white imps
  2 worms
  3 dart slugs
  73 orcs
  6 endoplasms
  3 giant cockroaches
  6 goblins
  8 hobgoblins
  32 kobolds
  7 quokkas
  6 ball pythons
  A bat (D:2)
  3 frilled lizards
  A goblin zombie (D:10)
  21 orc zombies (Bailey)
  8 rats
  A spectral hobgoblin (D:5)
1214 creatures vanquished.

Vanquished Creatures (collateral kills)
  A pharaoh ant (Spider:4)
  An orb spider (Spider:4)
  2 harpies (Vaults:2)
  A faun (Shoals:1)
  2 elephants (Shoals:1)
  A rime drake (Lair:4)
  A wind drake (Shoals:4)
  A merfolk (Shoals:4)
  2 tarantellas (Spider:4)
  A water elemental (Shoals:4)
  A culicivora (Spider:4)
  A yak (Lair:4)
  2 scorpions (Lair:2)
  3 giant cockroaches (Lair:2)
20 creatures vanquished.

Vanquished Creatures (others)
  Polyphemus (Shoals:3)
  An emperor scorpion (Spider:1)
  2 orc warlords
  A vault warden (Vaults:2)
  A dire elephant (Vaults:1)
  A spark wasp (Spider:4)
  3 merfolk javelineers
  A merfolk impaler (Shoals:4)
  2 entropy weavers
  A vault guard (Vaults:1)
  A radroach (Spider:4)
  2 ironbound frosthearts
  3 merfolk aquamancers (Shoals:4)
  2 boulder beetles (Spider:2)
  A jorogumo (Spider:4)
  An alligator snapping turtle (Shoals:3)
  2 skysharks
  2 pharaoh ants
  2 deep trolls (Vaults:2)
  An orb spider (Spider:4)
  2 lindwurms (Vaults:2)
  2 ironbound convokers (Vaults:2)
  A harpy (Vaults:2)
  An orc knight (Vaults:2)
  3 wolf spiders
  4 merfolk
  A tarantella (Spider:1)
  3 jumping spiders
  2 culicivoras
  A snapping turtle (Shoals:1)
  3 redbacks
  A sky beast (D:7)
  A kobold (D:8)
  33 fungi
  75 plants
  3 tentacles (Shoals:4)
167 creatures vanquished.

Grand Total: 1401 creatures vanquished

Notes
Turn   | Place    | Note
-------+----------+-------------------------------------------
     0 | D:1      | jejorda2 the Merfolk Berserker began the quest for the Orb.
     0 | D:1      | Reached XP level 1. HP: 18/18 MP: 1/1
   124 | D:1      | Reached XP level 2. HP: 24/24 MP: 2/2
   800 | D:2      | Reached XP level 3. HP: 19/29 MP: 3/3
   882 | D:2      | Reached skill level 5 in Polearms
  1036 | D:2      | Found a faded altar of an unknown god.
  1087 | D:2      | Reached ** piety under Trog
  1216 | D:2      | Reached XP level 4. HP: 37/37 MP: 4/4
  1974 | D:3      | Found a glowing silver altar of Zin.
  1974 | D:3      | Found an opulent altar of Gozag.
  2238 | D:4      | Noticed Pargi
  2247 | D:4      | Noticed a lemure
  2247 | D:4      | Noticed a lemure
  2247 | D:4      | Noticed Pikel
  2247 | D:4      | Noticed a lemure
  2259 | D:4      | Killed Pargi
  2260 | D:4      | Reached skill level 6 in Polearms
  2260 | D:4      | Reached XP level 5. HP: 43/43 MP: 5/5
  2262 | D:4      | Killed a lemure
  2365 | D:4      | Found a staircase to the Ecumenical Temple.
  2385 | D:4      | Reached XP level 6. HP: 47/49 MP: 6/6
  2411 | D:4      | Killed Pikel
  2412 | D:4      | Reached skill level 5 in Fighting
  2412 | D:4      | Reached skill level 8 in Polearms
  2412 | D:4      | Reached XP level 7. HP: 38/56 MP: 7/7
  2780 | D:4      | Reached skill level 9 in Polearms
  2780 | D:4      | Reached XP level 8. HP: 45/64 MP: 8/8
  2920 | D:4      | Noticed Eustachio
  3153 | D:4      | Killed Eustachio
  3154 | D:4      | Reached skill level 10 in Polearms
  3465 | D:4      | Noticed Sigmund
  3472 | D:4      | Killed Sigmund
  3722 | D:4      | Found a sacrificial altar of Ru.
  3773 | D:4      | Found a sparkling altar of Nemelex Xobeh.
  3828 | D:4      | Found an ornate altar of the Wu Jian Council.
  3931 | D:5      | Entered Level 5 of the Dungeon
  3974 | D:5      | Reached skill level 11 in Polearms
  3975 | D:5      | Found a broken altar of Ashenzari.
  4049 | D:5      | Reached XP level 9. HP: 67/69 MP: 9/9
  4510 | D:5      | Found Ceixiaw's Weapon Boutique.
  4536 | D:5      | Found a radiant altar of Vehumet.
  4673 | D:5      | Found a hazy altar of Hepliaklqana.
  4706 | D:6      | Found a large runed translucent door.
  4706 | D:6      | Found a large runed translucent door.
  4794 | D:6      | Reached skill level 12 in Polearms
  4794 | D:6      | Reached skill level 5 in Armour
  4994 | D:6      | Noticed Darkkill's ghost (novice MiHu)
  5480 | D:6      | Reached *** piety under Trog
  5481 | D:6      | Reached skill level 13 in Polearms
  6025 | D:7      | Reached skill level 14 in Polearms
  6025 | D:7      | Reached XP level 10. HP: 76/76 MP: 10/10
  6035 | D:6      | HP: 1/76 [steam dragon (5)]
  6733 | D:7      | Reached skill level 15 in Polearms
  6844 | D:8      | Found a snail-covered altar of Cheibriados.
  6967 | D:8      | Noticed Erica
  6983 | D:8      | Killed Erica
  6984 | D:8      | Reached skill level 1 in Throwing
  7257 | D:8      | Noticed a two-headed ogre
  7265 | D:8      | Killed a two-headed ogre
  7416 | D:8      | Noticed Maggie
  7419 | D:8      | Killed Maggie
  7459 | D:8      | Found a shadowy altar of Dithmenos.
  7507 | D:8      | Found a blossoming altar of Fedhas.
  7522 | D:8      | Noticed Psyche
  7531 | D:8      | Killed Psyche
  7600 | D:8      | Found a bloodstained altar of Trog.
  7600 | D:8      | Found an iron altar of Okawaru.
  7821 | D:8      | Reached skill level 16 in Polearms
  7821 | D:8      | Reached XP level 11. HP: 85/85 MP: 11/11
  8166 | D:9      | Found a stormy altar of Qazlal.
  8273 | D:9      | Reached skill level 5 in Throwing
  8481 | D:9      | Found a staircase to the Orcish Mines.
  8871 | D:9      | Reached **** piety under Trog
  9584 | D:9      | Noticed a two-headed ogre
  9590 | D:9      | Killed a two-headed ogre
  9761 | D:10     | Entered Level 10 of the Dungeon
  9803 | D:10     | Found a flagged portal.
  9840 | Bailey   | Entered a bailey
  9858 | Bailey   | Reached skill level 17 in Polearms
  9995 | Bailey   | Reached skill level 1 in Evocations
 10491 | D:10     | Found a runed translucent door.
 10495 | D:10     | Found a basalt altar of Yredelemnul.
 10712 | D:10     | Noticed a two-headed ogre
 10719 | D:10     | Killed a two-headed ogre
 10720 | D:10     | Reached skill level 10 in Fighting
 10720 | D:10     | Reached XP level 12. HP: 78/97 MP: 12/12
 11272 | D:11     | Found a staircase to the Lair.
 11726 | D:11     | Found a hide-covered altar of Uskayaw.
 11832 | Lair:1   | Entered Level 1 of the Lair of Beasts
 11836 | Lair:1   | Identified the +3 spear of Resumed Hostilities {protect,
                  | rF+ Str+3}
 12222 | Lair:1   | You fall into a shaft and drop 1 floor!
 12231 | Lair:2   | Reached skill level 18 in Polearms
 12336 | Lair:2   | Noticed a skyshark
 12356 | Lair:2   | Reached skill level 5 in Evocations
 12358 | Lair:2   | Killed a skyshark
 12481 | Lair:2   | Found a hole to the Spider Nest.
 12798 | Lair:2   | Noticed a six-headed hydra
 12996 | Lair:2   | Noticed a catoblepas
 13004 | Lair:2   | Killed a catoblepas
 13279 | Lair:2   | Found a staircase to the Shoals.
 13318 | Lair:2   | Noticed a boulder beetle
 13327 | Lair:2   | Killed a boulder beetle
 13582 | Lair:2   | Reached skill level 19 in Polearms
 13584 | Lair:2   | Reached XP level 13. HP: 108/108 MP: 13/13
 14027 | Lair:3   | Reached ***** piety under Trog
 14666 | Lair:3   | Reached skill level 20 in Polearms
 15104 | Lair:4   | Found a transporter.
 15108 | Lair:4   | Found a transporter.
 15110 | Lair:4   | Noticed Bacu's ghost (journeyman DjCj)
 15569 | Lair:4   | Found a runed translucent door.
 15579 | Lair:4   | Found a staircase to the Slime Pits.
 16262 | Lair:5   | Entered Level 5 of the Lair of Beasts
 16262 | Lair:5   | Noticed Snorg
 16604 | Lair:5   | Killed Snorg
 16966 | Lair:5   | Reached XP level 14. HP: 118/118 MP: 14/14
 18731 | Lair:5   | Upgraded the game from 0.30-a0-900-g23479c02f2 to
                  | 0.30-a0-913-g9934a0ce24
 18885 | D:12     | Noticed Jorgrun
 19062 | D:11     | Killed Jorgrun
 19129 | D:12     | Received a gift from Trog
 19357 | D:12     | Found an ancient bone altar of Kikubaaqudgha.
 20319 | D:13     | Found Bupeto's Distillery.
 20322 | D:13     | Bought a potion of might for 60 gold pieces
 20359 | D:13     | Reached skill level 10 in Throwing
 21628 | D:14     | Reached XP level 15. HP: 118/127 MP: 15/15
 22079 | D:14     | Reached skill level 15 in Fighting
 22151 | D:14     | Found a gate to the Vaults.
 22345 | D:15     | Entered Level 15 of the Dungeon
 22474 | D:15     | Found a radiant altar of Vehumet.
 22537 | D:15     | Noticed Josephine
 22548 | D:15     | Killed Josephine
 22983 | D:15     | Found a portal to a secret trove of treasure.
 23364 | D:15     | Found a staircase to the Depths.
 23840 | Orc:1    | Entered Level 1 of the Orcish Mines
 23928 | Orc:1    | Found a runed translucent gate.
 23928 | Orc:1    | Found a runed translucent gate.
 23928 | Orc:1    | Found a runed translucent gate.
 23928 | Orc:1    | Noticed Anno's ghost (novice FeDe)
 23928 | Orc:1    | Noticed sugarbear's ghost (journeyman MfGl)
 23929 | Orc:1    | Noticed Bediveer's ghost (journeyman FoFi)
 24031 | Orc:1    | Received a gift from Trog
 24035 | Orc:1    | Noticed an orc warlord
 24042 | Orc:1    | Killed an orc warlord
 24226 | Orc:1    | Found Pixagyz's Self-Improvement Boutique.
 24497 | Orc:1    | Killed Bediveer's ghost
 24504 | Orc:1    | Killed sugarbear's ghost
 24510 | Orc:1    | Killed Anno's ghost
 24523 | Orc:1    | Identified the +8 flail of the Wicked God {flame, Will+}
 24586 | Orc:2    | Entered Level 2 of the Orcish Mines
 24611 | Orc:2    | Noticed Saint Roka
 24624 | Orc:2    | Killed Saint Roka
 24625 | Orc:2    | Reached skill level 10 in Armour
 25893 | Orc:2    | Found a staircase to the Elven Halls.
 25951 | Orc:2    | Found Cunowi's Distillery.
 25951 | Orc:2    | Found Jalliov's Magic Scroll Boutique.
 25951 | Orc:2    | Found Halopuc's Antique Weapon Shop.
 25954 | Orc:2    | Found Boofoly's Antique Armour Shoppe.
 26340 | Shoals:1 | Entered Level 1 of the Shoals
 26340 | Shoals:1 | Identified a scroll of acquirement
 26346 | Shoals:1 | Reached XP level 16. HP: 138/138 MP: 16/16
 26361 | Shoals:1 | Received a gift from Trog
 26362 | Shoals:1 | Reached skill level 1 in Shields
 26425 | Lair:2   | Acquired 696 gold pieces
 26457 | Shoals:1 | Found a hide-covered altar of Uskayaw.
 26482 | Shoals:1 | HP: 6/138 [merfolk javelineer/javelin (19)]
 27706 | Orc:2    | Bought the +8 trishula "Condemnation" {holy, anguish,
                  | *Noise Fly rN+} for 2917 gold pieces
 27706 | Orc:2    | Found the +8 trishula "Condemnation" {holy, anguish, *Noise
                  | Fly rN+}
 28808 | Shoals:1 | Reached skill level 5 in Shields
 28924 | Shoals:2 | Found a runed translucent door.
 29013 | Shoals:2 | Identified the +1 halberd "Ilism" {heavy, rPois rF+ Will+
                  | Str+6}
 29137 | Shoals:2 | Identified the ring "Jeestaust" {Wiz +Blink rN+ Str+2}
 29482 | Shoals:2 | Identified the +5 halberd of Due Proportion {heavy, rC+
                  | Stlth+} (Trog gifted it to you on level 2 of the Shoals)
 29482 | Shoals:2 | Received a gift from Trog
 29641 | Shoals:2 | Found Fapteips's Fabulous Fripperies.
 29750 | Shoals:2 | Noticed Buakyke's ghost (adept OpMo)
 30153 | Shoals:2 | Killed Buakyke's ghost
 30448 | Shoals:3 | Found a large runed translucent door.
 30448 | Shoals:3 | Found a large runed translucent door.
 30450 | Shoals:3 | Noticed Qobluxtent's ghost (adept GnDe)
 30586 | Shoals:3 | Noticed a kraken
 30599 | Shoals:3 | Killed a kraken
 30658 | Shoals:3 | Noticed Ilsuiw
 30659 | Shoals:3 | Found Diodur's Jewellery Emporium.
 30667 | Shoals:3 | HP: 2/138 [satyr/arrow (26)]
 31091 | Shoals:3 | Killed Ilsuiw
 32028 | Shoals:3 | Reached XP level 17. HP: 144/144 MP: 17/17
 32313 | Shoals:3 | Noticed Polyphemus
 32327 | Shoals:3 | Killed Polyphemus
 32713 | Shoals:4 | Entered Level 4 of the Shoals
 32802 | Shoals:4 | Reached skill level 15 in Throwing
 32925 | Shoals:4 | Identified the +8 quick blade of Expedience {elec, rF-
                  | Dex+4}
 34296 | Shoals:4 | Identified the ring of Uskayaw's Generosity {rN+ MP+9}
 34323 | Shoals:4 | Reached skill level 10 in Shields
 34946 | Shoals:4 | Identified the ring of Kikubaaqudgha's Esteem {Fire Str+4}
 35981 | Shoals:4 | Got a barnacled rune of Zot
 36231 | Spider:1 | Entered Level 1 of the Spider Nest
 36234 | Spider:1 | Noticed Donald
 36243 | Lair:2   | Killed Donald
 36786 | Spider:1 | Reached ****** piety under Trog
 36786 | Spider:1 | Received a gift from Trog
 37120 | Spider:1 | Reached skill level 5 in Dodging
 37176 | Spider:1 | Reached XP level 18. HP: 108/151 MP: 18/18
 37431 | Spider:1 | Noticed Mlioglotl
 37440 | Spider:1 | Killed Mlioglotl
 38316 | Spider:1 | Upgraded the game from 0.30-a0-913-g9934a0ce24 to
                  | 0.30-a0-918-g0ff054e9dc
 38532 | Spider:1 | Received a gift from Trog
 40345 | Spider:3 | Received a gift from Trog
 40538 | Spider:3 | Noticed Mara
 40550 | Spider:3 | Killed Mara
 40816 | D:15     | You paid a toll of a +4 demon blade to enter a treasure
                  | trove
 40817 | Trove    | Entered a treasure trove
 40835 | Trove    | Identified the amulet "Upudiep" {Faith rN++ Str-4 Slay+5}
 40839 | Trove    | Identified the amulet "Gital" {RegenMP Drain +Blink rPois
                  | Slay+6}
 41706 | Spider:4 | Entered Level 4 of the Spider Nest
 43167 | Shoals:3 | Killed Qobluxtent's ghost
 43207 | Shoals:3 | Identified the +1 demon whip of a Hundred Blessings {vamp,
                  | rF+ rN+}
 43580 | Spider:4 | Received a gift from Trog
 43780 | Spider:4 | Reached XP level 19. HP: 80/157 MP: 19/19
 44110 | Spider:4 | Reached skill level 10 in Dodging
 44450 | Spider:4 | Got a gossamer rune of Zot
 45231 | Vaults:1 | Entered Level 1 of the Vaults
 46107 | Vaults:1 | Noticed Aizul
 46117 | Vaults:1 | Killed Aizul
 48134 | Vaults:2 | Reached skill level 1 in Stealth
 48342 | Vaults:2 | a shadow dragon changed into a golden dragon
 48342 | Vaults:2 | Noticed a golden dragon (glowing shapeshifter)
 48344 | Vaults:2 | a golden dragon changed into an iron giant
 48344 | Vaults:2 | Noticed an iron giant (glowing shapeshifter)
 48348 | Vaults:2 | an iron giant changed into a caustic shrike
 48348 | Vaults:2 | Noticed a caustic shrike (glowing shapeshifter)
 48713 | Orc:1    | Bought a manual of Shields for 880 gold pieces
 49060 | Vaults:2 | Reached XP level 20. HP: 58/170 MP: 20/20
 49142 | Vaults:2 | Reached skill level 15 in Shields
 49679 | Vaults:2 | Paralysed by a great orb of eyes for 4 turns
 50331 | Vaults:2 | Noticed a golden dragon
 50333 | Vaults:2 | a golden dragon changed into a shadow dragon
 50570 | Orc:2    | Bought a pair of runed boots for 210 gold pieces
 51602 | Vaults:3 | Slain by a vault warden

Illustrated notes

Levels and vault maps discovered:
D:1:      dpeg_arrival_round_b, layout_loops_ring, dk_noncrumbling_2
D:2:      layout_loops_ring, ebering_ecumenical_altar_rust
D:3:      layout_rooms, grunt_temple_overflow_gold_and_silver,
          chequers_serial_rivers_large_a, nicolae_elevator_lobby_plus
D:4:      layout_basic, nzn_wu_jian_contemplation, nemelex_dance_club_becter,
          general_overflow_altar, minmay_temple_entry_gardened_gates,
          minmay_divided_ellipse, uniq_eustachio, uniq_pikel, uniq_sigmund,
          uniq_pargi
D:5:      layout_loops_ring, cheibrodos_ashenzari_chains,
          nicolae_hepliaklqana_monster_ancestors,
          nicolae_overflow_crystal_walls, serial_shops, shop,
          chequers_mini_garden
D:6:      layout_layer_cave, ebering_ghost_disaster_area
D:7:      layout_rooms, hangedman_misty_isle
D:8:      layout_gridville, old_standard_altar, nicolae_overflow_hidden_temple,
          grunt_dithmenos_shadows, grunt_temple_overflow_bloody_war,
          minmay_alternating_orb, uniq_psyche, uniq_maggie, uniq_erica
D:9:      layout_basic, nicolae_qazlal_general_emergency, orc_0_dummy,
          nicolae_looking_at_the_future
D:10:     layout_cross, dk_yredelemnul_ordeal, enter_bailey_3
D:11:     layout_cave_pods, david_lair_generic, nicolae_uskayaw_suspiria
D:12:     layout_stronghold, nicolae_kikubaaqudgha_miasma_corner, uniq_jorgrun
D:13:     layout_irregular_city, serial_shops, kennysheep_mini_moat
D:14:     layout_basic, ximxim_vaults_locker_room, minmay_crystal_water,
          eino_small_chamber_without_monster
D:15:     grunt_enter_depths_magical_seal, layout_irregular_city,
          nicolae_vehumet_altar_sigil, nicolae_trove_entry_crossroad,
          uniq_josephine
Lair:1:   layout_loops_ring, small_statue_intersection, grunt_megastairs_3,
          serial_bayou_shore_a
Lair:2:   layout_cave_pods, minmay_shoals_entry_lonely_mermaid,
          nicolae_spider_entry_non_spiders, chequers_serial_rivers_marsh,
          nzn_sisyphean_effort, lemuel_fruit_tree
Lair:3:   layout_chaotic_city, lemuel_fruit_fields, infiniplex_staircase_pool
Lair:4:   layout_layer_cave, slime_entry_2, gammafunk_ghost_hive,
          grunt_megastairs_1
Lair:5:   minmay_lair_end_enchanted_forest, layout_cave_pods,
          grunt_forest_small_clearings, grunt_megastairs_2, uniq_snorg
Shoals:1: layout_shoals, regret_index_shoals_crete
Shoals:2: layout_shoals, ebering_ghost_reflecting_pool, overgrown_tower,
          nicolae_alphabet_shops, centaur_isle
Shoals:3: layout_shoals, serial_shops, shop_fountains,
          ebering_ghost_disaster_area, uniq_ilsuiw, uniq_polyphemus
Shoals:4: shoals_end_grunt_ice, layout_shoals, shoals_ilsuiw_ice
Spider:1: layout_spider_delve, hangedman_spider_tarantella_strand,
          uniq_mlioglotl, uniq_donald
Spider:2: layout_spider_delve
Spider:3: layout_spider_delve, uniq_mara
Spider:4: hellmonk_spider_rune_endless_swarm, nicolae_spider_not_touching_you
Orc:1:    layout_diamond_mine, gammafunk_ghost_cemetery, serial_shops,
          nicolae_shop_self_help
Orc:2:    st_orc_rangers, layout_caves, uniq_saint_roka
Vaults:1: nicolae_vaults_alarming, hangedman_vaults_stream,
          ontoclasm_vaults_eye, nicolae_vaults_little_squares_6,
          ontoclasm_vaults_idyll, vaults_room_ringed_pool,
          hangedman_vaults_stretched_pinwheel, layout_vaults_omnigrid,
          uniq_aizul
Vaults:2: nicolae_vaults_branching_niches, v_pattern_5, v_misc_15,
          nicolae_vaults_border_crossing, v_misc_24, hangedman_vaults_cutoff,
          nicolae_vaults_circle_grid_a, nicolae_vaults_specimen_jars,
          hangedman_vaults_pinch, nicolae_vaults_what_the_h, v_rooms_4,
          ontoclasm_vaults_fault, layout_vaults_omnibox
Vaults:3: mu_enter_wizlab_6, serial_ice_h, ontoclasm_vaults_claustrophobia,
          ontoclasm_vaults_ring_large, vaults_standard_mumra_lines,
          nicolae_vaults_puzzle_piece, ontoclasm_vaults_pinch,
          vaults_mumra_chevron, vaults_mumra_hexcomb,
          nicolae_vaults_little_squares_5, grunt_vaults_focal,
          minmay_crypt_entry_simple_sparse, v_misc_30, vaults_dpeg_cross,
          layout_vaults_big_room, uniq_margery

Skill      XL: |  1  2  3  4  5  6  7  8  9 10 11 12 13 14 15 16 17 18 19 20 |
---------------+-------------------------------------------------------------+-----
Polearms       | 5 6 8 9 11 14 16 17 19 20 | 20.0
Armour         | 2 3 4 5 6 7 8 10 11 | 11.8
Fighting       | 4 5 6 7 10 12 13 14 16 17 | 17.7
Throwing       | 4 6 8 10 12 14 16 | 16.0
Evocations     | 3 6 9 |  9.0
Shields        | 8 11 13 14 18 | 18.0
Dodging        | 5 9 12 | 12.0
Stealth        | 4 |  4.0

Action                     |  1- 3 |  4- 6 |  7- 9 | 10-12 | 13-15 | 16-18 | 19-21 || total
---------------------------+-------+-------+-------+-------+-------+-------+-------++-------
  Melee: Spear             |   123 |   104 |    19 |       |       |       |       ||   246
         Punch             |       |     1 |       |       |       |       |       ||     1
         Halberd           |       |       |   243 |   641 |    91 |       |       ||   975
         Tailslap          |       |       |       |     4 |     1 |     6 |       ||    11
         Glaive            |       |       |       |       |   961 |   108 |       ||  1069
         Trishula          |       |       |       |       |       |  1405 |   737 ||  2142
  Throw: Stone             |     3 |     4 |     3 |    17 |       |       |       ||    27
         Dart              |       |       |       |     4 |   157 |     8 |     9 ||   178
         Javelin           |       |       |       |       |    13 |     3 |     9 ||    25
         Boomerang         |       |       |       |       |     4 |   198 |    59 ||   261
         Throwing net      |       |       |       |       |       |     1 |       ||     1
 Invoke: Berserk           |       |     2 |    10 |    14 |    16 |    21 |     7 ||    70
         Trog's Hand       |       |       |     2 |     8 |    14 |     7 |    12 ||    43
         Brothers in Arms  |       |       |       |     1 |     2 |     5 |     3 ||    11
  Evoke: Wand              |       |       |       |     1 |     1 |     5 |       ||     7
         Tin of tremorston |       |       |       |       |       |       |     1 ||     1
    Use: Scroll            |       |       |    16 |    10 |     6 |    14 |     5 ||    51
         Potion            |       |       |       |       |     2 |    11 |       ||    13
   Stab: Sleeping          |     1 |       |       |     1 |       |       |       ||     2
         Invisible         |       |       |       |     1 |     2 |       |     1 ||     4
         Distracted        |       |       |       |       |     1 |       |       ||     1
 Armour: Animal skin       |     6 |       |       |       |       |       |       ||     6
         Ring mail         |    10 |    15 |       |       |       |       |       ||    25
         Scale mail        |       |    19 |    13 |       |       |       |       ||    32
         Chain mail        |       |       |   150 |   188 |       |       |       ||   338
         Skin              |       |       |       |    35 |       |       |       ||    35
         Plate armour      |       |       |       |   183 |   537 |   705 |   290 ||  1715
  Dodge: Dodged            |    53 |    35 |    95 |   287 |   231 |   313 |   166 ||  1180
  Block: Other             |       |       |       |    74 |   174 |    23 |       ||   271
         Reflection        |       |       |       |       |    28 |    56 |    10 ||    94
         Buckler           |       |       |       |       |       |   130 |       ||   130
         Kite shield       |       |       |       |       |       |   660 |   285 ||   945
         Tower shield      |       |       |       |       |       |       |    11 ||    11

Table legend: (Time is in decaauts)
 A = Elapsed time spent in this place.
 B = Non-inter-level travel time spent in this place.
 C = Inter-level travel time spent in this place.
 D = Time resting spent in this place.
 E = Time spent auto-exploring this place.
 F = Levels seen in this place.
 G = Mean time per level.
                   A        B        C        D        E       F      G
               +--------+--------+--------+--------+--------+-----+--------+
         Total |  50261 |  44474 |   5787 |  10545 |  26144 |  35 | 1436.0 |
       Dungeon |  17803 |  15566 |   2237 |   2730 |  10273 |  15 | 1186.9 |
          Lair |   8678 |   7310 |   1368 |   1137 |   5033 |   5 | 1735.6 |
        Shoals |   7685 |   7143 |    542 |   2114 |   3828 |   4 | 1921.2 |
   Spider Nest |   7665 |   7146 |    519 |   2817 |   2986 |   4 | 1916.2 |
  Orcish Mines |   2541 |   2140 |    401 |    452 |   1207 |   2 | 1270.5 |
        Vaults |   5160 |   4443 |    717 |   1293 |   2363 |   3 | 1720.0 |
         Trove |     90 |     90 |      0 |      0 |     40 |   1 |   90.0 |
        Bailey |    636 |    636 |      0 |      0 |    411 |   1 |  636.0 |
               +--------+--------+--------+--------+--------+-----+--------+

Top non-repeatable levels by time:
  Lair:2: 2906 daAuts
Vaults:1: 2782 daAuts
Spider:1: 2746 daAuts
Shoals:4: 2626 daAuts
Vaults:2: 2365 daAuts
  Lair:5: 2269 daAuts
Spider:3: 2174 daAuts
Shoals:3: 2057 daAuts
Spider:4: 1741 daAuts
    D:14: 1692 daAuts
  Lair:4: 1618 daAuts
     D:9: 1571 daAuts
Shoals:2: 1548 daAuts
     D:4: 1476 daAuts
    D:11: 1469 daAuts
